Map: Lightshade LE

Players

Solar - Winner!

  • Race: Zerg Zerg
  • League: Master
  • Spawn Location: 11:00

LiquidClem (Clem)

  • Race: Terran Terran
  • Spawn Location: 5:00

Event: ASUS ROG Online 2020

VOD

Have the link to the VOD?

Description

Time

  • Played on: Nov. 28, 2020, 8:31 a.m.
  • Length: 6:45

All games in this series

Show
View Real Time Build Order
Export as new Build Order

Solar Zerg - Winner!

Build Orders: Hatch First 

Get SALT Encoding   

  12  0:00  Drone  
  13  0:13  Overlord  
  13  0:17  Drone  
  14  0:32  Drone x2  
  16  0:49  Hatchery  
  15  0:53  Drone  
  15  0:56  Drone  
  17  1:13  Spawning Pool  
  17  1:16  Drone  
  17  1:21  Drone  
  18  1:27  Extractor, Drone  
  18  1:34  Drone  
  19  1:49  Drone  
  20  2:00  Queen  
  20  2:01  Queen  
  22  2:02  Zergling x2  
  22  2:05  Zergling x2  
  26  2:12  Overlord  
  26  2:16  Drone  
  26  2:18  Drone  
  28  2:29  Metabolic Boost  
  28  2:31  Drone  
  28  2:33  Drone  
  30  2:39  Queen  
  30  2:43  Overlord  
  32  2:47  Drone  
  32  2:49  Drone  
  34  3:03  Drone  
  35  3:06  Hatchery  
  35  3:07  Drone  
  35  3:11  Drone  
  35  3:12  Drone  
  37  3:14  Drone  
  37  3:17  Drone  
  39  3:20  Drone x2  
  41  3:27  Queen  
  41  3:30  Overlord  
  41  3:32  Drone  
  44  3:36  Overlord  
  44  3:50  Drone x2  
  44  3:51  Zergling x4  
  44  3:53  Drone  
  44  3:54  Drone x3  
  52  4:00  Drone x2  
  54  4:03  Queen  
  54  4:09  Drone  
  57  4:10  Drone  
  57  4:14  Spine Crawler  
  57  4:19  Queen  
  57  4:20  Zergling x6  
  62  4:28  Overlord  
  62  4:30  Zergling x2  
  63  4:33  Zergling x2  
  63  4:36  Drone x2  
  63  4:38  Overlord  
  66  4:40  Extractor  
  66  4:41  Evolution Chamber  
  66  4:42  Evolution Chamber  
  63  4:46  Drone x3  
  66  4:54  Zergling x8  
  66  4:56  Queen  
  66  4:57  Zergling x2  
  66  4:59  Zergling x8  
  76  5:06  Drone x2  
  78  5:09  Drone  
  78  5:13  Drone  
  78  5:14  Drone  
  78  5:16  Zergling x4  
  78  5:19  Overlord  
  78  5:20  Overlord  
  80  5:27  Overlord  
  79  5:35  Overlord  
  77  5:36  Overlord  
  77  5:38  Overlord  
  77  5:39  Drone x2  
  77  5:41  Drone  
  80  5:43  Drone  
  80  5:44  Baneling Nest  
  80  5:45  Drone  
  81  5:52  Zergling x2  
  81  5:53  Zergling x4  
  81  5:54  Queen x2  
  88  5:59  Zergling x6  
  88  6:03  Zergling x10  
  92  6:07  Zergling x2  
  92  6:09  Queen  
  95  6:13  Spine Crawler  
  95  6:14  Spore Crawler  
  95  6:15  Spore Crawler x2  
  95  6:18  Zergling x6  
  94  6:21  Spore Crawler  
  94  6:24  Drone  
  90  6:28  Drone  
Show
View Real Time Build Order
Export as new Build Order

LiquidClem Terran 

Build Orders: Reaper Expand 

Get SALT Encoding   

  12  0:00  SCV  
  13  0:12  SCV  
  14  0:18  Supply Depot  
  14  0:24  SCV  
  15  0:40  Barracks  
  15  0:50  Barracks  
  15  0:54  SCV  
  16  1:06  SCV  
  16  1:08  Refinery  
  16  1:18  SCV  
  16  1:30  SCV  
  17  1:43  Orbital Command  
  17  1:51  Reaper  
  18  2:07  Command Center  
  18  2:08  SCV  
  18  2:13  Supply Depot  
  19  2:21  SCV  
  20  2:23  Marine  
  20  2:28  Factory  
  21  2:33  SCV  
  22  2:45  SCV  
  22  2:47  Barracks  
  22  2:49  Barracks  
  23  2:57  SCV  
  24  3:09  SCV  
  25  3:16  Factory Reactor  
  25  3:17  Refinery  
  25  3:20  Orbital Command  
  25  3:22  Starport  
  25  3:24  SCV  
  26  3:35  Marine  
  26  3:36  SCV, Marine  
  29  3:50  Supply Depot  
  29  3:53  Hellion x2, Marine x2  
  35  3:56  Marine  
  35  4:00  Medivac  
  37  4:14  Armory  
  37  4:16  Hellion x2  
  41  4:19  Marine x2  
  42  4:24  Supply Depot, Marine  
  42  4:29  SCV x2  
  45  4:37  Hellion  
  45  4:38  Hellion  
  49  4:41  Marine x2  
  49  4:44  Marine  
  52  4:47  Starport Tech Lab  
  52  4:55  Supply Depot  
  52  4:59  Hellion  
  54  5:02  SCV  
  54  5:03  SCV  
  54  5:04  Marine x2  
  54  5:05  Marine  
  58  5:14  SCV  
  58  5:15  SCV  
  58  5:20  Banshee  
  63  5:22  Marine  
  63  5:26  Hellion  
  64  5:30  Hellion  
  64  5:32  Marine  
  64  5:33  Marine  
  68  5:43  Supply Depot  
  68  5:47  Marine  
  69  5:55  SCV  
  70  5:59  Marine  
  70  6:00  Hellion x2  
  70  6:02  Supply Depot, Marine  
  79  6:12  SCV  
  79  6:13  SCV  
  79  6:14  Supply Depot  
  80  6:21  Hellion  
  72  6:29  SCV  
Tags
 
Add a new tag
Caveats
  • Supply blocks, unpowered buildings, or Contaminate may cause inaccurate times.
  • Supply counts are checked every 10 seconds.